Map: Sludge City

Players

Tenonee

  • Race: Zerg Zerg
  • League: Diamond
  • Spawn Location: 5:00

strumsavasto

  • Race: Terran Terran
  • Spawn Location: 5:00

Nikolas

  • Race: Zerg Zerg
  • League: Platinum
  • Spawn Location: 11:00

UrineTrouble

  • Race: Terran Terran
  • League: Platinum
  • Spawn Location: 9:00

VOD

Have the link to the VOD?

Description

Time

  • Played on: July 29, 2016, 11:11 a.m.
  • Length: 6:30
Show
View Real Time Build Order
Export as new Build Order

Tenonee Zerg 

Build Orders: Pool First 

Get SALT Encoding   

  12  0:02  Drone  
  13  0:10  Drone  
  14  0:16  Extractor  
  13  0:21  Drone  
  14  0:33  Spawning Pool  
  13  0:43  Overlord  
  13  0:46  Drone  
  14  1:05  Drone  
  14  1:06  Drone  
  14  1:11  Drone  
  17  1:19  Metabolic Boost  
  17  1:25  Queen  
  19  1:41  Drone x2  
  19  1:42  Overlord  
  21  2:01  Hatchery  
  20  2:07  Queen  
  22  2:15  Overlord  
  22  2:22  Zergling x4  
  24  2:28  Zergling x2  
  25  2:34  Zergling x2  
  25  2:35  Zergling x4  
  28  2:40  Zergling x2  
  29  2:51  Zergling x2  
  29  3:05  Overlord  
  29  3:09  Roach Warren  
  28  3:15  Zergling x4  
  28  3:19  Zergling x2  
  32  3:20  Zergling x4  
  33  3:40  Zergling x8  
  37  3:51  Zergling x4  
  37  3:52  Zergling x10  
  29  4:13  Zergling x6  
  20  4:19  Zergling x4  
    4:46  Zergling x4  
  2  5:12  Drone  
Show
View Real Time Build Order
Export as new Build Order

strumsavasto Terran 

Build Orders:  

Get SALT Encoding   

  12  0:01  SCV  
  13  0:14  SCV  
  14  0:18  Supply Depot  
  14  0:26  SCV  
  15  0:40  SCV  
  15  0:41  Barracks  
  16  0:47  Refinery  
  16  0:52  SCV  
  17  1:04  SCV  
  18  1:16  SCV  
  19  1:28  SCV  
  19  1:31  Reaper  
  21  1:40  Orbital Command  
  21  1:47  Command Center  
  21  1:55  Supply Depot  
  21  2:05  Marine  
  22  2:11  SCV  
  22  2:12  Factory  
  23  2:23  SCV  
  24  2:37  Marine  
  25  2:45  Barracks  
  25  2:47  Bunker  
  25  2:52  Supply Depot  
  25  2:54  Marine  
  26  3:05  Widow Mine  
  26  3:09  Orbital Command, SCV  
  26  3:12  Marine  
  30  3:22  SCV  
  30  3:25  Refinery  
  30  3:26  Barracks  
  31  3:30  Marine  
  32  3:34  SCV  
  32  3:36  Factory Tech Lab  
  33  3:44  Barracks Tech Lab  
  33  3:48  Marine  
  33  3:49  SCV  
  33  3:50  SCV  
  36  3:57  Siege Tank  
  36  4:01  Supply Depot  
  39  4:06  Marine  
  40  4:24  Marine  
  37  4:40  Marine  
  37  4:41  Marine  
  37  4:42  Marine  
  37  4:46  Siege Tank  
  40  4:56  SCV x2  
  40  4:58  Marine x2  
  44  5:00  Marine, Barracks  
  44  5:04  Command Center  
  45  5:15  Starport, SCV x2  
  45  5:16  Marine x2  
  45  5:18  Supply Depot, Marine  
  45  5:21  Refinery x2  
  50  5:23  Siege Tank  
  53  5:34  Marine  
  54  5:43  Marine  
  54  5:46  Barracks Reactor  
  54  5:49  Barracks Reactor  
  55  5:51  Barracks, SCV x2  
  55  5:52  Marine  
  55  5:55  Siege Tank  
  61  5:58  Starport Reactor  
  61  6:03  Marine  
  62  6:05  SCV x2  
  62  6:09  Marine  
  65  6:11  Supply Depot  
  65  6:13  Supply Depot  
Show
View Real Time Build Order
Export as new Build Order

Nikolas Zerg 

Build Orders: Hatch First 

Get SALT Encoding   

  12  0:01  Drone  
  13  0:11  Drone  
  14  0:18  Overlord  
  14  0:36  Drone x2  
  14  0:37  Drone  
  17  0:54  Hatchery  
  16  1:14  Spawning Pool, Drone x2  
  16  1:18  Extractor  
  16  1:25  Drone  
  17  1:32  Overlord  
  17  2:02  Zergling x6  
  17  2:03  Queen  
  22  2:11  Queen  
  22  2:14  Zergling x2  
  22  2:15  Zergling x2  
  26  2:30  Metabolic Boost  
  27  2:44  Drone x3  
  27  2:45  Zergling x2  
  27  2:46  Zergling x4  
  32  3:04  Zergling x4  
  34  3:09  Zergling x2  
  34  3:10  Overlord  
  35  3:14  Evolution Chamber  
  34  3:22  Overlord, Zergling x2  
  34  3:24  Zergling x2  
  36  3:28  Baneling Nest  
  35  3:37  Zergling x2  
  35  3:38  Zergling x8  
  39  3:54  Zergling x2  
  39  3:55  Zergling x8  
  42  4:07  Zergling x4  
  42  4:14  Baneling x5  
  39  4:18  Zergling x2  
  39  4:19  Zergling x8  
  42  4:26  Drone  
  39  4:44  Lair  
  39  4:45  Drone x4  
  40  4:50  Drone  
  40  4:52  Extractor  
  41  4:56  Drone x3  
  44  5:00  Drone x2  
  44  5:01  Drone  
  40  5:38  Baneling  
  40  5:39  Baneling x3  
  40  5:40  Baneling x3  
  40  5:41  Zergling x2  
  40  5:42  Zergling x20  
  50  6:04  Drone  
  50  6:06  Overseer  
  50  6:07  Overlord x3  
  50  6:08  Overlord x3  
  51  6:25  Extractor  
Show
View Real Time Build Order
Export as new Build Order

UrineTrouble Terran 

Build Orders:  

Get SALT Encoding   

  12  0:10  Supply Depot  
  12  0:37  SCV  
  13  0:49  SCV  
  14  1:00  Barracks  
  14  1:05  Barracks  
  14  1:14  Barracks  
  14  1:18  SCV  
  15  1:23  Refinery  
  15  1:30  SCV  
  16  1:37  Supply Depot  
  16  1:42  SCV  
  17  1:47  Marine  
  17  1:51  Marine  
  19  2:00  Engineering Bay  
  19  2:03  Marine  
  19  2:06  Marine  
  21  2:10  Marine  
  22  2:20  Marine  
  22  2:24  Marine  
  24  2:43  Barracks Reactor x3  
  23  2:52  Refinery  
  23  2:55  SCV  
  24  3:07  SCV  
  25  3:17  Command Center  
  25  3:21  Marine x5  
  25  3:22  Marine  
  31  3:27  Supply Depot  
  31  3:31  Planetary Fortress  
  27  4:21  SCV  
  25  4:33  SCV  
  26  4:42  Marine x6  
  32  4:47  Planetary Fortress  
  32  4:52  Command Center, SCV  
  33  5:02  Marine x2  
  33  5:03  Marine x4  
  33  5:04  SCV  
  40  5:20  Marine  
  39  5:27  Marine x5  
  37  5:38  Marine  
  37  5:41  SCV  
  37  5:42  Factory  
  38  5:54  SCV  
Tags
 
Add a new tag
Caveats
  • Supply blocks, unpowered buildings, or Contaminate may cause inaccurate times.
  • Supply counts are checked every 10 seconds.